SAA
BELVEDERE PARK RAWHIDES @ ASHEVILLE HIGHLANDERS
09/02/2022
 
TOP OF THE 1ST
Belvedere Park Rawhides batting - Pitching for Asheville Highlanders : RHP Tobías Pérez
Pitching: RHP Tobías Pérez
Batting: RHB Pedro Jiménez 0-0: Foul Ball, location: 2F
0-1: Foul Ball, location: 2F
0-2: Ball
1-2: Foul Ball, location: 2F
1-2: Ball
2-2: SINGLE (Groundball, 4D)
Batting: SHB Ron Bunch 0-0: Ground out 1-3 (Groundball, 13)
Pedro Jiménez to second
Batting: LHB Christian Blair 0-0: Foul Ball, location: 2F
0-1: Called Strike
0-2: Foul Ball, location: 2F
0-2: Ball
1-2: DOUBLE (Line Drive, 5D)
Pedro Jiménez scores
Batting: RHB Carlos Vela 0-0: Called Strike
0-1: Swinging Strike
0-2: Ball
1-2: Strikes out swinging
Batting: RHB Bob Sargent 0-0: Ball
1-0: Ball
2-0: Swinging Strike
2-1: SINGLE (Groundball, 6MD) (infield hit)
Christian Blair to third
Batting: RHB Michael Taylor 0-0: Foul Ball, location: 2F
0-1: Called Strike
0-2: Ball
1-2: Ball
2-2: Foul Ball, location: 2F
2-2: Fly out, F9 (Flyball, 89S)
Top of the 1st over - 1 run(s), 3 hit(s), 0 error(s), 2 left on base; Belvedere Park 1 - Asheville 0
BOTTOM OF THE 1ST
Asheville Highlanders batting - Pitching for Belvedere Park Rawhides : RHP Iván Castillo
Pitching: RHP Iván Castillo
Batting: RHB Armando Alvarado 0-0: Called Strike
0-1: Ball
1-1: Foul Ball, location: 2F
1-2: SINGLE (Line Drive, 89S)
Batting: LHB Floyd Long 0-0: Called Strike
0-1: Swinging Strike
0-2: Grounds into double play, 4-6-3 (Groundball, 34)
Batting: RHB Paco Vásquez 0-0: Ball
1-0: Foul Ball, location: 2F
1-1: Ball
2-1: Ball
3-1: Fly out, F6 (Popup, 6M)
Bottom of the 1st over - 0 run(s), 1 hit(s), 0 error(s), 0 left on base; Belvedere Park 1 - Asheville 0
TOP OF THE 2ND
Belvedere Park Rawhides batting - Pitching for Asheville Highlanders : RHP Tobías Pérez
Batting: SHB Ryan Cook 0-0: Called Strike
0-1: Bunt missed!
0-2: Ball
1-2: Ball
2-2: Ball
3-2: Foul Ball, location: 2F
3-2: Base on Balls
Batting: LHB Dinis Marcha 0-0: Ball
1-0: SINGLE (Line Drive, 4MD)
Ryan Cook to second
Runner from 2nd tries for 3rd, SAFE, throw made to third
Batting: SHB Javier Valle 0-0: Called Strike
0-1: Called Strike
0-2: Ball
1-2: Foul Ball, location: 2F
1-2: Ball
2-2: SINGLE (Groundball, 34D)
Ryan Cook scores
Dinis Marcha to second
Runner from 2nd tries for 3rd, SAFE, throw made to third
Javier Valle to second
Batting: RHB Pedro Jiménez 0-0: Called Strike
0-1: Ball
1-1: Ball
2-1: Foul Ball, location: 2F
2-2: Foul Ball, location: 2F
2-2: Ball
3-2: Strikes out looking
Batting: SHB Ron Bunch 0-0: Ball
1-0: Called Strike
1-1: Foul Ball, location: 2F
1-2: Foul Ball, location: 2F
1-2: Ball
2-2: Ground out 4-3 (Groundball, 4)
Dinis Marcha scores
Javier Valle to third
Batting: LHB Christian Blair 0-0: Called Strike
0-1: Foul Ball, location: 2F
0-2: SINGLE (Line Drive, 6MD)
Javier Valle scores
Batting: RHB Carlos Vela 0-0: SINGLE (Groundball, 15S) (infield hit)
Christian Blair to second
Batting: RHB Bob Sargent 0-0: Ball
1-0: Ball
2-0: Ball
3-0: Ground out 5-3 (Groundball, 56)
Top of the 2nd over - 3 run(s), 4 hit(s), 0 error(s), 2 left on base; Belvedere Park 4 - Asheville 0
BOTTOM OF THE 2ND
Asheville Highlanders batting - Pitching for Belvedere Park Rawhides : RHP Iván Castillo
Batting: RHB Thomas Morris 0-0: Called Strike
0-1: Ball
1-1: Swinging Strike
1-2: Strikes out swinging
Batting: LHB Anthony Trigg 0-0: Swinging Strike
0-1: Ball
1-1: Swinging Strike
1-2: Strikes out looking
Batting: SHB Gonzalo Valentín 0-0: Called Strike
0-1: Ball
1-1: Ground out U3 (Groundball, 3)
Bottom of the 2nd over - 0 run(s), 0 hit(s), 0 error(s), 0 left on base; Belvedere Park 4 - Asheville 0
TOP OF THE 3RD
Belvedere Park Rawhides batting - Pitching for Asheville Highlanders : RHP Tobías Pérez
Batting: RHB Michael Taylor 0-0: Fly out, F9 (Flyball, 89S)
Batting: SHB Ryan Cook 0-0: Ball
1-0: Ball
2-0: Called Strike
2-1: Ball
3-1: Foul Ball, location: 2F
3-2: Base on Balls
Batting: LHB Dinis Marcha 0-0: Ball
1-0: Called Strike
1-1: Swinging Strike
1-2: SINGLE (Groundball, 4)
Ryan Cook to second
Ryan Cook to third
Batting: SHB Javier Valle 0-0: Swinging Strike
0-1: Swinging Strike
0-2: Foul Ball, location: 2F
0-2: Strikes out looking
Batting: RHB Pedro Jiménez 0-0: Ball
1-0: Ball
2-0: Foul Ball, location: 2F
2-1: Ground out 4-3 (Groundball, 4)
Top of the 3rd over - 0 run(s), 1 hit(s), 0 error(s), 2 left on base; Belvedere Park 4 - Asheville 0
BOTTOM OF THE 3RD
Asheville Highlanders batting - Pitching for Belvedere Park Rawhides : RHP Iván Castillo
Batting: SHB Chris Cordell 0-0: Swinging Strike
0-1: Ground out 1-3 (Groundball, 13S)
Batting: RHB Fernando Silva 0-0: Ball
1-0: Ground out 3-1 (Groundball, 34S)
Batting: LHB Imre Brincka 0-0: Called Strike
0-1: Fly out, F8 (Flyball, 8LD)
Bottom of the 3rd over - 0 run(s), 0 hit(s), 0 error(s), 0 left on base; Belvedere Park 4 - Asheville 0
TOP OF THE 4TH
Belvedere Park Rawhides batting - Pitching for Asheville Highlanders : RHP Tobías Pérez
Batting: SHB Ron Bunch 0-0: Foul Ball, location: 2F
0-1: Foul Ball, location: 2F
0-2: Fly out, F8 (Flyball, 8LM)
Batting: LHB Christian Blair 0-0: Ball
1-0: Ball
2-0: Ground out 4-3 (Groundball, 4M)
Batting: RHB Carlos Vela 0-0: Hit by Pitch
Pitching: RHP Richard Meyer
Batting: RHB Bob Sargent 0-0: Ball
1-0: Called Strike
1-1: Foul Ball, location: 2F
1-2: Ball
2-2: Ball
3-2: Fly out, F9 (Flyball, 9S)
Top of the 4th over - 0 run(s), 0 hit(s), 0 error(s), 1 left on base; Belvedere Park 4 - Asheville 0
BOTTOM OF THE 4TH
Asheville Highlanders batting - Pitching for Belvedere Park Rawhides : RHP Iván Castillo
Batting: RHB Armando Alvarado 0-0: Ball
1-0: Called Strike
1-1: Foul Ball, location: 2F
1-2: Fly out, F9 (Flyball, 89S)
Batting: LHB Floyd Long 0-0: Ball
1-0: Called Strike
1-1: Ball
2-1: Called Strike
2-2: Ground out 4-3 (Groundball, 4)
Batting: RHB Paco Vásquez 0-0: Ball
1-0: Foul Ball, location: 2F
1-1: Swinging Strike
1-2: Strikes out looking
Bottom of the 4th over - 0 run(s), 0 hit(s), 0 error(s), 0 left on base; Belvedere Park 4 - Asheville 0
TOP OF THE 5TH
Belvedere Park Rawhides batting - Pitching for Asheville Highlanders : RHP Richard Meyer
Batting: RHB Michael Taylor 0-0: Ball
1-0: Called Strike
1-1: SINGLE (Groundball, 5D)
Batting: SHB Ryan Cook 0-0: Ball
1-0: Ball
2-0: SINGLE (Line Drive, 34)
Michael Taylor to second
Batting: LHB Dinis Marcha 0-0: Reached on error, E5 (Groundball, 56S)
Michael Taylor scores
Ryan Cook to third
Batting: SHB Javier Valle 0-0: Ball
1-0: Fly out, F8 (Flyball, 8LM)
Runner from 3rd tags up, SCORES, no throw
Batting: RHB Pedro Jiménez 0-0: Ball
1-0: Called Strike
1-1: Swinging Strike
1-2: Ball
2-2: Foul Ball, location: 2F
2-2: Ball
3-2: Foul Ball, location: 2F
3-2: Foul Ball, location: 2F
3-2: Ground out 5-3 (Groundball, 56)
Batting: SHB Ron Bunch 0-0: Ball
1-0: Fly out, F7 (Flyball, 78S)
Top of the 5th over - 2 run(s), 2 hit(s), 1 error(s), 1 left on base; Belvedere Park 6 - Asheville 0
BOTTOM OF THE 5TH
Asheville Highlanders batting - Pitching for Belvedere Park Rawhides : RHP Iván Castillo
Batting: RHB Thomas Morris 0-0: Called Strike
0-1: Foul Ball, location: 2F
0-2: Strikes out swinging
Batting: LHB Anthony Trigg 0-0: Ball
1-0: Ground out 6-3 (Groundball, 6M)
Batting: SHB Gonzalo Valentín 0-0: SINGLE (Groundball, 34D)
Batting: SHB Chris Cordell 0-0: Called Strike
0-1: Ball
1-1: SINGLE (Groundball, 34)
Gonzalo Valentín to second
Runner from 2nd tries for 3rd, SAFE, throw made to third
Chris Cordell to second
Batting: RHB Fernando Silva 0-0: Called Strike
0-1: Ball
1-1: Foul Ball, location: 2F
1-2: Ground out 3-1 (Groundball, 34)
Bottom of the 5th over - 0 run(s), 2 hit(s), 0 error(s), 2 left on base; Belvedere Park 6 - Asheville 0
TOP OF THE 6TH
Belvedere Park Rawhides batting - Pitching for Asheville Highlanders : RHP Richard Meyer
Batting: LHB Christian Blair 0-0: Ball
1-0: Foul Ball, location: 2F
1-1: Foul Ball, location: 2F
1-2: Foul Ball, location: 2F
1-2: Fly out, F7 (Flyball, 7LM)
Batting: RHB Carlos Vela 0-0: Foul Ball, location: 2F
0-1: Foul Ball, location: 2F
0-2: Foul Ball, location: 2F
0-2: Strikes out swinging
Batting: RHB Bob Sargent 0-0: Swinging Strike
0-1: Foul Ball, location: 2F
0-2: Ground out 1-3 (Groundball, 15)
Top of the 6th over - 0 run(s), 0 hit(s), 0 error(s), 0 left on base; Belvedere Park 6 - Asheville 0
BOTTOM OF THE 6TH
Asheville Highlanders batting - Pitching for Belvedere Park Rawhides : RHP Iván Castillo
Batting: LHB Imre Brincka 0-0: Ball
1-0: Called Strike
1-1: Ball
2-1: SINGLE (Groundball, 56D)
Batting: RHB Armando Alvarado 0-0: Grounds into double play, 6-4-3 (Groundball, 6)
Batting: LHB Floyd Long 0-0: Swinging Strike
0-1: Foul Ball, location: 2F
0-2: Strikes out swinging
Bottom of the 6th over - 0 run(s), 1 hit(s), 0 error(s), 0 left on base; Belvedere Park 6 - Asheville 0
TOP OF THE 7TH
Belvedere Park Rawhides batting - Pitching for Asheville Highlanders : RHP Richard Meyer
Batting: RHB Michael Taylor 0-0: Called Strike
0-1: Called Strike
0-2: Ball
1-2: Ball
2-2: Strikes out swinging
Batting: SHB Ryan Cook 0-0: Ball
1-0: DOUBLE (Line Drive, 7LM)
Batting: LHB Dinis Marcha 0-0: Ball
1-0: Fly out, F9 (Flyball, 89M)
Batting: SHB Javier Valle 0-0: Called Strike
0-1: Foul Ball, location: 2F
0-2: Fly out, F9 (Flyball, 9LD)
Top of the 7th over - 0 run(s), 1 hit(s), 0 error(s), 1 left on base; Belvedere Park 6 - Asheville 0
BOTTOM OF THE 7TH
Asheville Highlanders batting - Pitching for Belvedere Park Rawhides : RHP Iván Castillo
Batting: RHB Paco Vásquez 0-0: Ball
1-0: Called Strike
1-1: Ball
2-1: Ground out 1-3 (Groundball, 15)
Pitching: RHP Francisco Barrera
Batting: RHB Thomas Morris 0-0: Ball
1-0: Fly out, F8 (Flyball, 8LS)
Batting: LHB Anthony Trigg 0-0: Called Strike
0-1: Foul Ball, location: 2F
0-2: Ball
1-2: Ground out 4-3 (Groundball, 4)
Bottom of the 7th over - 0 run(s), 0 hit(s), 0 error(s), 0 left on base; Belvedere Park 6 - Asheville 0
TOP OF THE 8TH
Belvedere Park Rawhides batting - Pitching for Asheville Highlanders : RHP Richard Meyer
Batting: RHB Pedro Jiménez 0-0: Ball
1-0: Ball
2-0: Foul Ball, location: 2F
2-1: Swinging Strike
2-2: Ball
3-2: Fly out, F8 (Flyball, 8RM)
Batting: SHB Ron Bunch 0-0: Called Strike
0-1: Fly out, F9 (Line Drive, 9LM)
Batting: LHB Christian Blair 0-0: Called Strike
0-1: Swinging Strike
0-2: DOUBLE (Line Drive, 9LM)
Batting: RHB Carlos Vela 0-0: Ball
1-0: Ball
2-0: Ball
3-0: Called Strike
3-1: Foul Ball, location: 2F
3-2: Foul Ball, location: 2F
3-2: Foul Ball, location: 2F
3-2: Ground out 2-3 (Groundball, 25)
Top of the 8th over - 0 run(s), 1 hit(s), 0 error(s), 1 left on base; Belvedere Park 6 - Asheville 0
BOTTOM OF THE 8TH
Asheville Highlanders batting - Pitching for Belvedere Park Rawhides : RHP Francisco Barrera
Now in LF: Travis Brumback
Batting: SHB Gonzalo Valentín 0-0: Called Strike
0-1: Ball
1-1: Ball
2-1: Ball
3-1: Base on Balls
Batting: SHB Chris Cordell 0-0: Grounds into double play, 4-6-3 (Groundball, 4)
Batting: RHB Fernando Silva 0-0: Called Strike
0-1: Swinging Strike
0-2: Strikes out swinging
Bottom of the 8th over - 0 run(s), 0 hit(s), 0 error(s), 0 left on base; Belvedere Park 6 - Asheville 0
TOP OF THE 9TH
Belvedere Park Rawhides batting - Pitching for Asheville Highlanders : RHP Richard Meyer
Batting: RHB Bob Sargent 0-0: Swinging Strike
0-1: Foul Ball, location: 2F
0-2: Foul Ball, location: 2F
0-2: Ball
1-2: Foul Ball, location: 2F
1-2: Ball
2-2: Foul Ball, location: 2F
2-2: Foul Ball, location: 2F
2-2: Ball
3-2: SOLO HOME RUN (Flyball, 7LD), Distance : 381 ft
Batting: RHB Michael Taylor 0-0: Ball
1-0: Fly out, F8 (Flyball, 8RM)
Batting: SHB Ryan Cook 0-0: Ground out U3 (Groundball, 3)
Batting: LHB Dinis Marcha 0-0: Ball
1-0: Ball
2-0: Swinging Strike
2-1: Called Strike
2-2: Ground out 4-3 (Groundball, 4)
Top of the 9th over - 1 run(s), 1 hit(s), 0 error(s), 0 left on base; Belvedere Park 7 - Asheville 0
BOTTOM OF THE 9TH
Asheville Highlanders batting - Pitching for Belvedere Park Rawhides : RHP Francisco Barrera
Now in RF: Juan Barbán
Batting: LHB Imre Brincka 0-0: Called Strike
0-1: Ball
1-1: SINGLE (Flyball, 7S)
Batting: RHB Armando Alvarado 0-0: Fly out, F8 (Flyball, 89M)
Batting: LHB Floyd Long 0-0: Called Strike
0-1: Called Strike
0-2: Ball
1-2: Ball
2-2: Foul Ball, location: 2F
2-2: Foul Ball, location: 2F
2-2: Ball
3-2: Strikes out looking
Batting: RHB Paco Vásquez 0-0: Ball
1-0: Called Strike
1-1: DOUBLE (Flyball, 89M)
Imre Brincka to third
Batting: RHB Thomas Morris 0-0: Foul Ball, location: 2F
0-1: Swinging Strike
0-2: Strikes out swinging
Bottom of the 9th over - 0 run(s), 2 hit(s), 0 error(s), 2 left on base; Belvedere Park 7 - Asheville 0
This league is powered by Out of the Park Baseball, the baseball management simulation game for PC, Mac and Linux
Friday, April 15th, 2016 - OOTP Baseball 16.9 Build 39